 Dungeon Crawl Stone Soup version 0.21.1-1-g345015f (webtiles) character file.

37 Goblin1989 the Skirmisher (level 3, -3/29 HPs)
             Began as a Demonspawn Monk on Feb 14, 2018.
             Slain by an orc
             ... wielding a +0 flail
              (5 damage)
             ... on level 2 of the Dungeon.
             The game lasted 00:02:26 (1360 turns).

Goblin1989 the Skirmisher (Demonspawn Monk)         Turns: 1360, Time: 00:02:26

Health: -3/29      AC:  4    Str: 11    XL:     3   Next: 21%
Magic:  3/3        EV: 13    Int: 16    God:
Gold:   37         SH:  0    Dex: 16    Spells: 2/2 levels left

rFire    . . .     SeeInvis .   a - +0 short sword
rCold    . . .     Gourm    .   (no shield)
rNeg     . . .     Faith    .   b - +0 robe
rPois    .         Spirit   .   (no helmet)
rElec    .         Reflect  .   (no cloak)
rCorr    .         Harm     .   (no gloves)
MR       .....                  (no boots)
Stlth    ++........             (no amulet)
HPRegen  0.09/turn              (no ring)
MPRegen  0.08/turn              (no ring)

@: brilliant
A: molten scales 1
a: no special abilities


You were on level 2 of the Dungeon.
You were not hungry.

You visited 1 branch of the dungeon, and saw 2 of its levels.

You collected 37 gold pieces.

Inventory:

Hand Weapons
 a - a +0 short sword (weapon)
Missiles
 o - 2 javelins (quivered)
Armour
 b - a +0 robe (worn)
Jewellery
 k - an uncursed amulet of guardian spirit {unknown}
Scrolls
 g - a scroll of remove curse {@r2}
 i - 3 scrolls of teleportation {unknown}
 j - 2 scrolls of identify {unknown}
 l - a scroll of random uselessness {unknown}
Comestibles
 e - 3 rations
 n - 4 chunks of flesh


   Skills:
 + Level 3.3 Fighting
 * Level 3.2 Short Blades
 + Level 3.0 Dodging
 + Level 2.2 Stealth


You had 2 spell levels left.
You didn't know any spells.

Dungeon Overview and Level Annotations

Branches:
Dungeon (2/15)

Altars:


Innate Abilities, Weirdness & Mutations

You are partially covered in molten scales. (AC +2)


Message History

Some of the chunks of flesh in your inventory have rotted away.
j - 2 scrolls labeled SOITHOUTTO (gained 1)
You butcher the giant cockroach corpse.
n - 5 chunks of flesh (gained 1)
You see here a leather armour. x2
e - 3 rations (gained 1)
You see here a leather armour. 2 orcs and an orc wizard come into view.
You see here 2 javelins.
You see here 2 javelins.
o - 2 javelins The orc shouts!
The orc wizard shouts!
The orc shouts!
The orc moves out of view.
The orc wizard looks satisfied for a moment. 2 orcs come into view.
Some of the chunks of flesh in your inventory have rotted away.
The orc shouts!
You hit the orc.
The orc is severely wounded.
You completely miss the orc.
The orc is severely wounded.
The orc misses you. The orc hits you but does no damage.
You hit the orc.
You kill the orc!
The orc wizard misses you.
You closely miss the orc wizard. You closely miss the orc wizard.
The orc hits you but does no damage. The orc barely misses you.
You hit the orc wizard but do no damage.
The orc barely misses you. The orc wizard hits you with a dagger.
The orc hits you with a club. The orc closely misses you.
You take 7 damage, and have 22/29 hp.
MASSIVE DAMAGE!!
You hit the orc wizard but do no damage.
The orc barely misses you. The orc wizard barely misses you.
The orc hits you with a club.
You take 1 damage, and have 21/29 hp.
You hit the orc wizard.
The orc wizard is lightly wounded.
The orc closely misses you. The orc wizard casts a spell at you.
The puff of flame hits you!
* * * LOW HITPOINT WARNING * * *
The orc barely misses you. The orc misses you.
You take 8 damage, and have 13/29 hp.
MASSIVE DAMAGE!!
The orc wizard points at you and mumbles some strange words.
The magic dart hits you!
* * * LOW HITPOINT WARNING * * *
Found a stone staircase leading down.
You take 10 damage, and have 3/29 hp.
MASSIVE DAMAGE!!
The orc wizard looks encouraged for a moment.
The orc closely misses you.
You hit the orc.
The orc is lightly wounded.
You hit the orc.
The orc is moderately wounded.
The orc hits you but does no damage.
You hit the orc.
The orc is almost dead.
The orc completely misses you.
It was a potion of brilliance.
You feel clever all of a sudden. The orc misses you.
Unknown command.
You aren't carrying any potions.
Unknown command.
You hit the orc but do no damage.
The orc is almost dead.
The orc closely misses you.
You hit the orc but do no damage.
The orc is almost dead.
The orc hits you.
* * * LOW HITPOINT WARNING * * *
The orc completely misses you.
You take 3 damage, and have 1/29 hp.
You hit the orc.
You kill the orc!
The orc wizard misses you.
Things that are here:
a club; a leather armour You hit the orc wizard but do no damage.
The orc wizard is lightly wounded.
The orc wizard hits you but does no damage.
The orc wizard misses you.
You hit the orc.
The orc is moderately wounded.
The orc closely misses you.
You hit the orc.
The orc is heavily wounded.
You hit the orc wizard.
The orc wizard is heavily wounded.
You barely miss the orc wizard.
The orc wizard is heavily wounded.
The orc wizard misses you.
You barely miss the orc wizard.
The orc wizard is heavily wounded.
You hit the orc.
The orc is severely wounded.
The orc wizard looks encouraged for a moment.
The orc hits you with a flail.
You die...

.... ...█ ..█.███..█
....>..... ...█....█
........█ ..█ █.
█.██..█.██..█ ███.
█.██..█)██..█
....███....ooo██(.█
..........@█.██..█
█.....██.██.....████
███▲█................█
█....................█
█..........█████.....█
█..........█████)....█
███....÷..................
██......█..[█████████......
█................██ ......


You could see an orc wizard and 2 orcs.

Vanquished Creatures
  An adder (D:2)
  An ooze (D:1)
  2 leopard geckos (D:2)
  2 orcs (D:2)
  2 giant cockroaches
  A goblin (D:1)
  A hobgoblin (D:1)
  2 kobolds (D:1)
  4 bats
  A frilled lizard (D:1)
  2 rats
19 creatures vanquished.

Notes
Turn   | Place    | Note
-------+----------+-------------------------------------------
     0 | D:1      | Goblin1989 the Demonspawn Monk began the quest for the Orb.
     0 | D:1      | Reached XP level 1. HP: 18/18 MP: 1/1
   362 | D:1      | Gained mutation: You are partially covered in molten scales. (AC +2) [demonic ancestry]
   362 | D:1      | Reached XP level 2. HP: 19/24 MP: 2/2
  1256 | D:2      | Reached XP level 3. HP: 28/29 MP: 3/3
  1349 | D:2      | HP: 1/29 [orc (3)]
  1360 | D:2      | Slain by an orc

Skill      XL: |  1  2  3 |
---------------+----------+-----
Stealth        | 2 |  2.2
Short Blades   | 3 |  3.2
Dodging        | 3 |  3.0
Fighting       | |  3.3

Action                   || total
-------------------------++-------
Melee: Short sword       ||    83
  Use: Scroll            ||     1
       Potion            ||     1
 Stab: Sleeping          ||     1
  Eat: Chunk             ||     1
Armor: Robe              ||    24
Dodge: Dodged            ||    77

Vault maps used:
D:1:      dpeg_arrival_pits
D:2:      overflow_temple_1_default, chequers_temple_overflow_statue_of_worship,
          chequers_ecumenical_altar_twisty
